Map: Blueshift LE

Players

Phazey

  • Race: Terran Terran
  • League: Platinum
  • Spawn Location: 1:00

Unknown - Winner!

  • Race: Terran Terran
  • League: Platinum
  • Spawn Location: 7:00

VOD

Have the link to the VOD?

Description

Time

  • Played on: Nov. 3, 2018, 2:51 a.m.
  • Length: 7:08
Show
View Real Time Build Order
Export as new Build Order

Phazey Terran 

Build Orders: Reaper Expand 

Get SALT Encoding   

  12  0:01  SCV  
  13  0:14  SCV  
  13  0:17  Supply Depot  
  14  0:27  SCV  
  15  0:39  SCV  
  15  0:41  Barracks  
  16  0:46  Refinery  
  16  0:51  SCV  
  17  1:03  SCV  
  18  1:15  SCV  
  19  1:27  Orbital Command  
  19  1:31  Reaper  
  20  1:41  Command Center  
  20  1:51  Supply Depot  
  20  1:57  SCV  
  21  2:07  Factory, Marine  
  22  2:12  Refinery  
  22  2:13  SCV  
  23  2:25  SCV  
  24  2:34  Barracks Reactor  
  24  2:37  SCV  
  25  2:49  SCV  
  26  2:53  Orbital Command  
  26  3:00  Ghost Academy  
  26  3:03  Factory  
  26  3:15  SCV  
  26  3:17  Barracks Reactor  
  27  3:20  SCV  
  27  3:25  Hellion x2  
  32  3:28  SCV  
  32  3:32  SCV  
  34  3:40  SCV  
  35  3:44  SCV  
  35  3:47  Hellion x2, Supply Depot  
  40  3:53  SCV  
  41  3:56  SCV  
  41  4:01  Barracks Tech Lab  
  42  4:05  SCV  
  42  4:06  Supply Depot  
  42  4:07  Personal Cloaking  
  42  4:08  SCV, Hellion  
  42  4:09  Hellion  
  48  4:17  SCV, Supply Depot  
  48  4:20  Cyclone, SCV  
  53  4:28  Supply Depot  
  53  4:29  Ghost  
  53  4:30  SCV  
  56  4:33  SCV  
  56  4:34  Refinery  
  57  4:40  Cyclone  
  57  4:42  SCV  
  57  4:45  SCV  
  62  4:52  Supply Depot  
  62  4:54  SCV  
  62  4:57  SCV  
  64  5:00  Armory  
  64  5:03  Hellion x2  
  64  5:04  Hellion  
  64  5:06  SCV  
  71  5:09  SCV  
  71  5:13  Hellion  
  74  5:18  Ghost  
  76  5:21  Refinery  
  76  5:24  SCV  
  77  5:32  Supply Depot  
  77  5:39  Cyclone, Hellion  
  82  5:53  Hellion  
  82  5:54  Hellion  
  86  5:57  Ghost  
  86  6:00  Cyclone  
  87  6:12  Hellion  
  87  6:15  Hellion  
Show
View Real Time Build Order
Export as new Build Order

Unknown Terran - Winner!

Build Orders: Reaper Expand 

Get SALT Encoding   

  12  0:02  SCV  
  13  0:17  Supply Depot  
  13  0:18  SCV  
  14  0:31  SCV  
  15  0:41  Barracks  
  15  0:43  Refinery  
  15  0:45  SCV  
  16  1:06  SCV  
  17  1:28  Orbital Command  
  17  1:29  Reaper  
  18  1:38  Command Center  
  18  1:54  Supply Depot  
  18  2:09  Factory, Marine  
  18  2:14  SCV, Refinery  
  20  2:36  SCV  
  21  2:44  Barracks Reactor  
  21  2:49  SCV  
  21  2:50  Orbital Command  
  22  2:55  Ghost Academy  
  22  2:56  Hellion  
  24  3:01  SCV  
  25  3:13  SCV  
  25  3:15  SCV  
  27  3:26  SCV  
  28  3:27  SCV  
  28  3:29  Barracks Tech Lab  
  28  3:31  Hellion x2  
  33  3:38  SCV  
  33  3:39  SCV  
  35  3:51  SCV x2  
  35  3:53  Hellion x2  
  41  3:56  Supply Depot  
  41  4:04  Ghost  
  41  4:08  SCV  
  44  4:27  Hellion  
  44  4:28  Hellion  
  44  4:30  Armory  
  48  4:32  Ghost  
  50  4:41  SCV  
  50  4:42  SCV  
  52  4:54  SCV x2  
  54  5:05  Supply Depot  
  54  5:07  Supply Depot  
  54  5:08  Supply Depot  
  54  5:22  Refinery  
  54  5:27  Cyclone, SCV x2  
  59  5:31  Supply Depot  
  59  5:35  Supply Depot  
  59  5:38  Supply Depot  
  59  5:39  SCV x2  
  59  5:40  Cyclone  
  64  5:51  SCV x2  
  66  6:03  SCV  
Tags
 
Add a new tag
Caveats
  • Supply blocks, unpowered buildings, or Contaminate may cause inaccurate times.
  • Supply counts are checked every 10 seconds.